 Dungeon Crawl Stone Soup version 0.24-a0-201-gf2055891f0 (webtiles) character file.

Game seed: 17644977983451638514

21984 MrRokkomies the Thrower (level 12, -3/126 HPs)
             Began as an Ogre Hunter on Mar 21, 2019.
             Was a High Priest of Okawaru.
             Slain by an entropy weaver (15 damage)
             ... on level 4 of the Lair of Beasts.
             The game lasted 00:50:57 (13756 turns).

MrRokkomies the Thrower (Ogre Hunter)              Turns: 13756, Time: 00:50:57

Health: -3/126     AC:  1    Str: 19    XL:     12   Next: 95%
Magic:  12/14      EV: 21    Int: 12    God:    Okawaru [*****.]
Gold:   776        SH:  0    Dex: 13    Spells: 8/11 levels left

rFire    . . .     SeeInvis +   b - +0 blowgun
rCold    . . .     Gourm    .   (no shield)
rNeg     . . .     Faith    .   K - +0 troll leather armour
rPois    +         Spirit   .   P - +0 hat {SInv}
rElec    .         Reflect  .   M - scarf {cloud immunity}
rCorr    .         Harm     .   (gloves unavailable)
MR       +....                  (boots unavailable)
Stlth    +++.......             (no amulet)
HPRegen  0.71/turn              J - +5 ring of evasion
MPRegen  0.14/turn              A - ring of poison resistance

@: heroism, corroded
A: large, unfitting armour, tough skin 1
a: Heroism, Finesse, Renounce Religion


You were on level 4 of the Lair of Beasts.
You worshipped Okawaru.
Okawaru was extremely pleased with you.
You were not hungry.

You visited 3 branches of the dungeon, and saw 14 of its levels.
You also visited: Ossuary.

You collected 831 gold pieces.
You spent 55 gold pieces at shops.

Inventory:

Hand Weapons
 a - a +2 quarterstaff of speed
 b - a +0 blowgun (weapon)
 o - a +1 spear of freezing
 R - a +2 dagger of venom
Missiles
 c - 3 large rocks
 d - 3 throwing nets
 e - 446 stones
 u - a tomahawk of returning
 F - 13 needles of confusion
 G - 44 poisoned needles (quivered)
 O - 3 tomahawks
Armour
 y - a +1 cloak
 K - a +0 troll leather armour (worn)
 M - a scarf of cloud immunity (worn)
 P - a +0 hat of see invisible (worn)
Jewellery
 m - an uncursed ring of stealth
 A - a ring of poison resistance (right hand)
 I - a +2 ring of intelligence
 J - a +5 ring of evasion (left hand)
 L - an uncursed ring of protection from fire
Wands
 r - a wand of iceblast (7)
 x - a wand of digging (8)
 H - a wand of flame (34)
 T - a wand of polymorph (8)
Scrolls
 h - 3 scrolls of immolation
 l - 2 scrolls of identify
 n - 5 scrolls of remove curse
 p - a scroll of enchant weapon
 v - 2 scrolls of teleportation
 C - 2 scrolls of amnesia
 N - a scroll of holy word
 S - a scroll of fear
Potions
 g - 2 potions of flight
 i - 2 potions of agility
 j - 4 potions of curing
 k - 4 potions of might
 q - a potion of mutation
 s - 3 potions of ambrosia
 w - a potion of lignification
 z - a potion of cancellation
 D - a potion of magic
 E - 2 potions of berserk rage
 Q - 2 potions of invisibility
Comestibles
 f - 29 rations


   Skills:
 - Level 10.0(15.0) Fighting
 * Level 12.7(17.7) Staves
 - Level 13.0(18.0) Throwing
 * Level 7.5(12.5) Dodging
 - Level 0.6(5.6) Stealth
 + Level 3.0 Invocations


You had 8 spell levels left.
You knew the following spells:

 Your Spells              Type           Power        Failure   Level  Hunger
a - Animate Skeleton      Necr           N/A          36%         1    ##.....
b - Apportation           Tloc           #.....       36%         1    ##.....
c - Confusing Touch       Hex            #.....       36%         1    ##.....

Your spell library contained the following spells:

 Spells                   Type           Power        Failure   Level  Hunger
 Summon Small Mammal      Summ           #...         36%         1    ##.....


Dungeon Overview and Level Annotations

Branches:
Dungeon (9/15)             Temple (1/1) D:7            Lair (4/6) D:9
  Snake (0/4) Lair:2
  Swamp: Lair:2-4    Shoals: Lair:2-4       Orc: D:9-12

Altars:
Ashenzari
Cheibriados
Dithmenos
Elyvilon
Fedhas
Kikubaaqudgha
Makhleb
Nemelex Xobeh
Okawaru
Qazlal
Ru
Trog
Uskayaw
Vehumet
Wu Jian
Xom
Zin
The Shining One

Shops:
D:5 *   D:6 %   D:9 *


Innate Abilities, Weirdness & Mutations

You are too large for most types of armour.
You have tough skin. (AC +1)


Message History

The entropy weaver casts a spell.
The entropic weave corrodes you!
You sock the entropy weaver!
The entropy weaver is moderately wounded.
You hit the entropy weaver.
The entropy weaver is moderately wounded.
Press: ? - help, v - describe, . - travel
Here: an entropy weaver (moderately wounded)
The floor, spattered with blood.
Unknown command.
b - a +0 blowgun (weapon)
The entropy weaver misses you. The entropy weaver hits you!
The entropy weaver hits you. The entropy weaver hits you!
* * * LOW HITPOINT WARNING * * *
You feel much better. The entropy weaver hits you! x2
* * * LOW HITPOINT WARNING * * *
The entropy weaver hits you!
* * * LOW HITPOINT WARNING * * *
The entropy weaver hits you!
You die...

..P...#....P##.#..####...........
......###..####..## ###.........
.....## #...# ##..# #P.........
...... ##.## ##.## ##.........
.....## #.# ...## #.........
.....# #.. #.#.# #.........
...... #.## #...# #......... ###
####...# ###.........
#...##..#@.####...........
........a.................
.#P##..#...#.#####..#..##
#.######## ####### ##.# #..#####
###..##.#####..#.
#PPa.....aa.a....
...........##aa.....


You could see an entropy weaver.

Vanquished Creatures
  Gastronok (Lair:2)
  4 hydras
  2 two-headed ogres
  2 death yaks (Lair:2)
  Pikel (D:8)
  2 elephants (Lair:3)
  3 spiny frogs
  3 black mambas
  3 komodo dragons
  2 polar bears
  A troll (D:8)
  9 dream sheep
  4 hippogriffs
  A wraith (Ossuary)
  A wyvern (Lair:3)
  2 yaks (D:8)
  3 basilisks
  A naga (Lair:2)
  6 soldier ants
  2 wargs (D:9)
  2 water moccasins
  Duvessa (D:5)
  6 porcupines
  3 orc warriors (D:8)
  4 slaves (D:8)
  2 ice beasts
  2 black bears
  A necrophage (D:8)
  An eye of draining (D:9)
  6 wolves (Lair:1)
  2 ogres (D:8)
  6 centaurs
  5 crocodiles
  5 big kobolds
  Blork the orc (D:6)
  6 bullfrogs
  A gnoll sergeant (D:7)
  A wyvern zombie (D:7)
  Dowan (D:5)
  A water moccasin skeleton (D:9)
  3 scorpions
  3 electric eels
  9 howler monkeys
  5 crimson imps
  A centaur zombie (D:6)
  2 bullfrog zombies (D:6)
  A bullfrog skeleton (D:6)
  2 jellies
  2 hounds
  6 orc priests
  Terence (D:2)
  An iguana (D:8)
  11 orc wizards
  8 worker ants
  3 mummies (Ossuary)
  6 gnolls
  7 adders
  5 shadow imps
  3 oozes
  2 adder skeletons
  An adder zombie (D:7)
  3 worms
  3 dart slugs
  4 leopard geckos
  38 orcs
  2 ball pythons
  A giant cockroach (D:2)
  8 goblins
  5 hobgoblins
  8 jackals
  A quokka (D:8)
  A ball python skeleton (D:4)
  8 bats
  6 frilled lizards
  5 goblin zombies (Ossuary)
  2 hobgoblin zombies (Ossuary)
  16 kobolds
  7 kobold zombies (Ossuary)
  A leopard gecko skeleton (D:4)
  2 quokka skeletons
  9 rats
  A fungus (D:8)
  A plant (Lair:2)
324 creatures vanquished.

Vanquished Creatures (others)
  5 fungi
  3 plants
8 creatures vanquished.

Grand Total: 332 creatures vanquished

Notes
Turn   | Place    | Note
-------+----------+-------------------------------------------
     0 | D:1      | MrRokkomies the Ogre Hunter began the quest for the Orb.
     0 | D:1      | Reached XP level 1. HP: 22/22 MP: 1/1
    36 | D:1      | Reached XP level 2. HP: 24/31 MP: 2/2
   538 | D:1      | Reached XP level 3. HP: 39/39 MP: 3/3
  1390 | D:2      | Noticed Terence
  1468 | D:2      | Reached XP level 4. HP: 32/49 MP: 4/4
  1496 | D:2      | Killed Terence
  1496 | D:2      | Reached skill level 5 in Throwing
  1698 | D:2      | Reached skill level 5 in Fighting
  1698 | D:2      | Reached XP level 5. HP: 53/57 MP: 5/5
  1914 | D:3      | Found a blossoming altar of Fedhas.
  2158 | D:3      | Found an ornate altar of the Wu Jian Council.
  2346 | D:3      | Found a sparkling altar of Nemelex Xobeh.
  3406 | D:5      | Entered Level 5 of the Dungeon
  3426 | D:5      | Reached XP level 6. HP: 31/67 MP: 6/6
  3807 | D:5      | Noticed Duvessa
  3807 | D:5      | Noticed Dowan
  3819 | D:5      | Killed Duvessa
  3819 | D:5      | Reached skill level 6 in Throwing
  3819 | D:5      | Killed Dowan
  3819 | D:5      | Reached XP level 7. HP: 78/78 MP: 7/7
  3853 | D:5      | Noticed a two-headed ogre
  3856 | D:5      | Killed a two-headed ogre
  3856 | D:5      | Reached skill level 7 in Throwing
  3856 | D:5      | Reached XP level 8. HP: 79/92 MP: 8/8
  3886 | D:5      | Found Nooconko's General Store.
  3896 | D:5      | Reached skill level 8 in Throwing
  3902 | D:5      | Bought a potion of heal wounds for 55 gold pieces
  3976 | D:5      | Found a burning altar of Makhleb.
  4294 | D:5      | Reached skill level 10 in Fighting
  4490 | D:6      | Reached skill level 1 in Staves
  4613 | D:6      | Found Essetari's Food Shop.
  4619 | D:6      | Noticed Blork the orc
  4622 | D:6      | Killed Blork the orc
  4622 | D:6      | Reached XP level 9. HP: 78/101 MP: 9/9
  4695 | D:6      | Found a snail-covered altar of Cheibriados.
  4695 | D:6      | Found a sacrificial altar of Ru.
  4763 | D:6      | Reached skill level 9 in Throwing
  5721 | D:7      | Found a staircase to the Ecumenical Temple.
  5787 | D:7      | Found a sand-covered staircase.
  5810 | Ossuary  | Entered an ossuary
  6407 | D:7      | HP: 5/101 [gnoll sergeant/+2 spear of piercing (5)]
  6701 | D:7      | Reached skill level 5 in Staves
  6738 | D:7      | Reached skill level 10 in Throwing
  7214 | D:8      | Noticed Pikel
  7230 | D:8      | Killed Pikel
  7230 | D:8      | Reached XP level 10. HP: 90/110 MP: 10/10
  7541 | D:8      | Reached skill level 11 in Throwing
  7915 | Temple   | Entered the Ecumenical Temple
  7981 | Temple   | Became a worshipper of Warmaster Okawaru
  8037 | D:8      | Found a white marble altar of Elyvilon.
  8580 | D:8      | Reached * piety under Okawaru
  8622 | D:8      | Noticed a two-headed hydra
  8638 | D:8      | Killed a two-headed hydra
  8638 | D:8      | Reached ** piety under Okawaru
  8698 | D:8      | Reached skill level 12 in Throwing
  8698 | D:8      | Reached XP level 11. HP: 43/117 MP: 11/11
  8837 | D:9      | Noticed a two-headed ogre
  8886 | D:9      | Killed a two-headed ogre
  9050 | D:9      | Reached *** piety under Okawaru
  9186 | D:9      | Found a staircase to the Lair.
  9210 | D:9      | Received a gift from Okawaru
  9501 | D:9      | Found Gigi's Lightly-Used Armoury.
  9810 | Lair:1   | Entered Level 1 of the Lair of Beasts
  9810 | Lair:1   | Noticed an eight-headed hydra
  9817 | Lair:1   | Killed an eight-headed hydra
  9817 | Lair:1   | Reached **** piety under Okawaru
  9817 | Lair:1   | Reached skill level 10 in Staves
 10328 | Lair:1   | Reached skill level 13 in Throwing
 10528 | Lair:1   | Received a gift from Okawaru
 10994 | Lair:2   | Noticed Gastronok
 11001 | Lair:2   | Killed Gastronok
 11001 | Lair:2   | Reached ***** piety under Okawaru
 11055 | Lair:2   | Reached XP level 12. HP: 126/126 MP: 12/12
 11096 | Lair:2   | Found a staircase to the Snake Pit.
 11147 | Lair:2   | Noticed a death yak
 11148 | Lair:2   | Noticed a five-headed hydra
 11644 | Lair:2   | Noticed a death yak
 11669 | Lair:2   | Received a gift from Okawaru
 11899 | Lair:2   | Reached skill level 5 in Dodging
 11986 | Lair:2   | Killed a death yak
 12073 | Lair:2   | Killed a death yak
 12073 | Lair:2   | Received a gift from Okawaru
 12200 | Lair:2   | Killed a five-headed hydra
 12604 | Lair:3   | Noticed a four-headed hydra
 12609 | Lair:3   | Killed a four-headed hydra
 12609 | Lair:3   | Reached skill level 1 in Invocations
 12659 | Lair:3   | Learned a level 1 spell: Animate Skeleton
 12661 | Lair:3   | Learned a level 1 spell: Apportation
 12663 | Lair:3   | Learned a level 1 spell: Confusing Touch
 13481 | Lair:4   | Noticed an entropy weaver
 13756 | Lair:4   | Slain by an entropy weaver

Levels and vault maps discovered:
D:1:      onia_arrival_handbag, layout_loops_ring, minmay_tetromino_l4
D:2:      cheibrodos_pilgrimage, layout_rooms, uniq_terence
D:3:      layout_basic, overflow_temple_1_default,
          nemelex_xobeh_ov_fountains_minmay, first_ration, fedhas_altar_2
D:4:      layout_loops_cross, minmay_statues_item
D:5:      layout_basic, makhleb_grotto_becter, serial_shops, shop_fountains,
          uniq_duvessa
D:6:      layout_basic, amethyst_overflow_temple_binary, serial_shops, shop,
          minmay_misc_feat_pillars, kennysheep_generic_room_4,
          uniq_blork_the_orc
D:7:      layout_loops_ring, temple_doors_e, enter_ossuary_5
D:8:      layout_cave_pods, elyvilon_altar_5, hangedman_ranch
          [blue_anna_fruit_fields], fungi_pond_lemuel, corexii_leaking_fountain,
          kennysheep_generic_room_13, uniq_pikel
D:9:      layout_long_grid, erik_lair_orcish_takeover, minmay_shop_damaged,
          chequers_serial_rivers_room_b
Temple:   regret_index_temple_sphere_string
Lair:1:   layout_chaotic_city, nicolae_quartered_pool_little,
          lemuel_fruit_fields
Lair:2:   layout_regular_city, guppyfry_snake_entry_island, serial_bayou_pond_c,
          minmay_shattered_shrine, uniq_gastronok
Lair:3:   layout_chaotic_city, wad_woods_river_01
Lair:4:   layout_small_grid, elwin_shoals_entry_rocks, basic_altar,
          minmay_stone_trees_small, minivault_29
Ossuary:  ossuary_kennysheep_city_of_the_dead

Skill      XL: |  1  2  3  4  5  6  7  8  9 10 11 12 |
---------------+-------------------------------------+-----
Fighting       | 3 4 5 6 7 9 10 | 10.0
Throwing       | 5 6 7 8 10 12 13 | 13.0
Staves         | 2 6 8 11 12 | 12.7
Dodging        | 4 7 |  7.5
Invocations    | 3 |  3.0
Stealth        | |  0.6

Action                   |  1- 3 |  4- 6 |  7- 9 | 10-12 || total
-------------------------+-------+-------+-------+-------++-------
Melee: Short sword       |   126 |    21 |       |       ||   147
       Spear             |       |    42 |       |       ||    42
       Trident           |       |    26 |       |       ||    26
       Quarterstaff      |       |    25 |   355 |   576 ||   956
 Fire: Blowgun           |       |       |     7 |     8 ||    15
Throw: Stone             |    28 |    37 |    15 |       ||    80
       Large rock        |       |     5 |     9 |    23 ||    37
       Throwing net      |       |     1 |       |     4 ||     5
       Tomahawk          |       |     2 |    53 |   189 ||   244
Invok: Heroism           |       |       |       |     8 ||     8
       Finesse           |       |       |       |     1 ||     1
Evoke: Wand              |       |     2 |     1 |     3 ||     6
  Use: Scroll            |     4 |     6 |    15 |     4 ||    29
       Potion            |       |     1 |     2 |     3 ||     6
 Stab: Sleeping          |     4 |     2 |     7 |     1 ||    14
       Held in net/web   |       |       |       |     6 ||     6
  Eat: Chunk             |       |     6 |     7 |    21 ||    34
       Ration            |       |     1 |     1 |       ||     2
Armor: Robe              |    38 |    20 |    62 |    15 ||   135
       Troll leather arm |       |       |       |    66 ||    66
Dodge: Dodged            |    79 |    41 |   126 |   286 ||   532

Table legend:
 A = Non-vault XP
 B = Vault XP
 C = Vault XP percentage of total XP
 D = Non-vault monster count
 E = Vault monster count
 F = Vault count percentage of total count
                 A         B        C        D         E       F
            +---------+---------+-------+---------+---------+-------
      Total |   17083 |   14324 |  45.6 |     236 |      82 |  25.8
            +---------+---------+-------+---------+---------+-------
        D:1 |      28 |      13 |  31.7 |      15 |       7 |  31.8
        D:2 |      41 |      92 |  69.2 |      16 |       7 |  30.4
        D:3 |     115 |       0 |   0.0 |      28 |       0 |   0.0
        D:4 |       5 |       0 |   0.0 |       5 |       0 |   0.0
        D:5 |    1461 |     273 |  15.7 |      23 |       3 |  11.5
        D:6 |     758 |     138 |  15.4 |      27 |       2 |   6.9
        D:7 |     875 |       0 |   0.0 |      19 |       0 |   0.0
        D:8 |    2057 |    3266 |  61.4 |      29 |      13 |  31.0
        D:9 |    2346 |     489 |  17.2 |      34 |       8 |  19.0
     Lair:1 |    3472 |       0 |   0.0 |      16 |       0 |   0.0
     Lair:2 |     521 |    7354 |  93.4 |       4 |      11 |  73.3
     Lair:3 |    3510 |    1730 |  33.0 |      11 |       7 |  38.9
     Lair:4 |    1894 |     687 |  26.6 |       9 |       6 |  40.0
    Ossuary |       0 |     282 | 100.0 |       0 |      18 | 100.0
            +---------+---------+-------+---------+---------+-------
